 Seeded DCSS version 0.29.1-13-g9f3cf754e1 (webtiles) character file.

Game seed: 3467139861098030199 (custom seed)

89 purpskrrrp the Covered (level 4, 0/30 HPs)
             Began as a Gargoyle Fighter on Feb 4, 2023.
             Splashed by a jelly's acid (9 damage)
             ... on level 3 of the Dungeon.
             The game lasted 00:03:25 (1994 turns).

purpskrrrp the Covered (Gargoyle Fighter)           Turns: 1994, Time: 00:03:26

Health: 0/30       AC:  6    Str: 22    XL:     4   Next: 55%
Magic:  4/4        EV:  7    Int:  8    God:
Gold:   142        SH:  4    Dex:  9    Spells: 3/3 levels left

rFire   + . .      SeeInvis .   a - +0 flail
rCold   . . .      Faith    .   c - +0 buckler
rNeg    + . .      Spirit   .   j - +0 chain mail
rPois   ∞          Reflect  .   (no helmet)
rElec   +          Harm     .   v - +0 cloak
rCorr   .          Rampage  .   (no gloves)
Will    .....                   (no boots)
Stlth   ..........              (no amulet)
HPRegen 0.10/turn               u - ring of protection from fire
MPRegen 0.09/turn               (no ring)

@: corroded
A: sickness immunity, AC +3, negative energy resistance 1, electricity
resistance, torment resistance 1, petrification resistance
a: no special abilities


You were on level 3 of the Dungeon.
You visited 1 branch of the dungeon, and saw 3 of its levels.

You collected 142 gold pieces.

Inventory:

Hand Weapons
 a - a +0 flail (weapon)
Missiles
 h - 6 boomerangs of dispersal
 p - 5 boomerangs
Armour
 c - a +0 buckler (worn)
 j - a +0 chain mail (worn)
 v - a +0 cloak (worn)
Jewellery
 u - a ring of protection from fire (left hand)
Scrolls
 b - a scroll of brand weapon {unknown}
 e - 2 scrolls of fear {unknown}
 k - 2 scrolls of poison {unknown}
 o - a scroll of vulnerability {unknown}
 q - 4 scrolls of identify {unknown}
 r - a scroll of silence {unknown}
 t - a scroll of teleportation {unknown}
Potions
 d - 2 potions of might
 f - a potion of haste {unknown}
 g - 2 potions of attraction {unknown}
 i - 2 potions of curing {unknown}
 l - a potion of brilliance {unknown}
 m - a potion of berserk rage {unknown}
 n - a potion of invisibility {unknown}
 s - a potion of lignification {unknown}


   Skills:
 + Level 4.4 Fighting
 - Level 2.0 Maces & Flails
 + Level 4.8 Armour
 - Level 3.2 Shields


You had 3 spell levels left.
You didn't know any spells.
Your spell library contained the following spells:

 Spells                   Type           Power      Damage    Failure   Level
 Gell's Gravitas          Tloc           0%         N/A       100%        3
 Ignite Poison            Fire/Tmut/Pois 0%         N/A       100%        3
 Mephitic Cloud           Conj/Pois/Air  0%         N/A       100%        3
 Portal Projectile        Hex/Tloc       0%         N/A       100%        3
 Teleport Other           Tloc           0%         N/A       100%        3
 Tukima's Dance           Hex            0%         N/A       100%        3
 Blade Hands              Tmut           0%         N/A       100%        5
 Freezing Cloud           Conj/Ice/Air   0%         6-21      100%        5
 Dispersal                Tloc           0%         N/A       100%        6


Dungeon Overview and Level Annotations

Branches:
Dungeon (3/15)

Altars:
Ru

Shops:
D:2 [


Innate Abilities, Weirdness & Mutations

You are immune to sickness and miasma.
Your stone body is resilient. (AC +3)
You are immune to poison.
You resist negative energy. (rN+)
You are resistant to electric shocks. (rElec)
You are resistant to unholy torment.
You are immune to petrification.


Message History

The jelly is lightly wounded.
The jelly hits you but does no damage. You block the dart slug's attack.
You barely miss the jelly.
The jelly is lightly wounded.
The jelly hits you. The acid corrodes you!
You are splashed with acid!
The dart slug closely misses you. The jelly barely misses you.
You sock the jelly!
Your hands burn!
The jelly is heavily wounded.
The jelly hits you but does no damage. The dart slug launches a dart at you.
The slug dart hits you but does no damage.
You are too injured to fight recklessly!
You are too injured to fight recklessly!
You are too injured to fight recklessly!
You are too injured to fight recklessly!
You are too injured to fight recklessly!
You are too injured to fight recklessly!
You are too injured to fight recklessly!
You are too injured to fight recklessly!
You are too injured to fight recklessly!
You are too injured to fight recklessly!
You are too injured to fight recklessly!
You are too injured to fight recklessly!
You are too injured to fight recklessly!
You are too injured to fight recklessly!
You are too injured to fight recklessly!
You are too injured to fight recklessly!
You are too injured to fight recklessly!
You are too injured to fight recklessly!
You are too injured to fight recklessly!
You are too injured to fight recklessly!
You are too injured to fight recklessly!
You are too injured to fight recklessly!
You are too injured to fight recklessly!
You hit the jelly.
Your hands burn!
The jelly is almost dead.
The jelly hits you.
* * * LOW HITPOINT WARNING * * *
You are splashed with acid!
You die...

##### #...# #...#
#...### ####.....
#.##...# #.##...#
#######.###w##..##
.........@J........
######.###......##
#..#####....#
..####..#######..>
######
#.................
......
######...########.
...... #.#.#
....... #.#)#
#..##.. # #.#.#
#......


You could see a jelly and a dart slug.

Vanquished Creatures
  3 adders (D:2)
  A worm (D:3)
  5 dart slugs
  5 giant cockroaches
  3 goblins
  5 hobgoblins
  5 quokkas
  2 ball pythons (D:2)
  6 bats
  5 frilled lizards
  4 kobolds
  8 rats
52 creatures vanquished.

Notes
Turn   | Place    | Note
-------+----------+-------------------------------------------
     0 | D:1      | purpskrrrp the Gargoyle Fighter began the quest for the
                  | Orb.
     0 | D:1      | Reached XP level 1. HP: 14/14 MP: 1/1
   219 | D:1      | Reached XP level 2. HP: 19/19 MP: 2/2
   468 | D:1      | Reached XP level 3. HP: 24/24 MP: 3/3
   643 | D:1      | Found a faded altar of an unknown god.
  1104 | D:2      | Found Kateynok's Antique Armour Boutique.
  1476 | D:2      | Reached XP level 4. HP: 29/29 MP: 4/4
  1814 | D:3      | Found a sacrificial altar of Ru.
  1994 | D:3      | Splashed by a jelly's acid

Illustrated notes

Levels and vault maps discovered:
D:1:      dpeg_arrival_signposts, layout_rooms,
          shapermc_ecumenical_altar_mp_highgroup
D:2:      layout_loops_cross, serial_shops, shop
D:3:      layout_rooms, pf_just_have_faith, serial_park_tiny_pond

Skill      XL: |  1  2  3 |
---------------+----------+-----
Armour         | 4 |  4.8
Fighting       | 4 |  4.4
Maces & Flails | |  2.0
Shields        | |  3.2

Action                   |  1- 3 |  4- 6 || total
-------------------------+-------+-------++-------
Melee: Flail             |   161 |    43 ||   204
Throw: Boomerang         |     2 |       ||     2
  Use: Potion            |     1 |       ||     1
Armor: Scale mail        |    11 |       ||    11
       Chain mail        |   127 |    20 ||   147
Dodge: Dodged            |    86 |    25 ||   111
Block: Buckler           |    45 |     3 ||    48
